 Dungeon Crawl Stone Soup version 0.20.1-1-g8b1a95d (webtiles) character file.

12226 Monsterracer the Spear-Bearer (level 12, 94/94 HPs)
             Began as a Human Wanderer on Oct 11, 2017.
             Was a Priest of Ru.
             Quit the game on level 11 of the Dungeon on Oct 14, 2017.
             The game lasted 00:36:38 (17073 turns).

Monsterracer the Spear-Bearer (Human Wanderer)     Turns: 17073, Time: 00:36:39

Health: 94/94      AC: 17    Str: 12    XL:     12   Next: 17%
Magic:  12/12      EV: 13    Int: 15    God:    Ru [***...]
Gold:   104        SH:  0    Dex: 17    Spells: 6/11 levels left

rFire    . . .     SeeInvis .   b - +2 glaive (protect)
rCold    + . .     Gourm    .   (shield currently unavailable)
rNeg     . . .     Faith    .   y - +2 scale mail of Circular Logic {Dex+3}
rPois    .         Spirit   .   (helmet restricted)
rElec    .         Reflect  .   e - +1 cloak
rCorr    +         Harm     .   o - +1 pair of gloves
MR       +....                  (no boots)
Stlth    ..........             (no amulet)
Regen    0.0/turn               n - ring of resist corrosion
MPRegen  0.2/turn               B - ring of protection from magic

@: no status effects
A: horns 1, molten scales 2, cold resistance 1, inhibited regeneration, weak 1,
inability to use devices, no air magic, no charms magic, no necromancy magic
a: Draw Out Power, Renounce Religion


You were on level 11 of the Dungeon.
You worshipped Ru.
Ru was most pleased with you.
You were not hungry.

You visited 1 branch of the dungeon, and saw 11 of its levels.

You collected 485 gold pieces.
You spent 381 gold pieces at shops.

Inventory:

Hand Weapons
 a - a +1 halberd of flaming
 b - a +2 glaive of protection (weapon)
Armour
 e - a +1 cloak (worn)
 j - a +2 ring mail of cold resistance
 o - a +1 pair of gloves (worn)
 y - the +2 scale mail of Circular Logic (worn) {Dex+3}
   (You found it on level 8 of the Dungeon)

   It affects your dexterity (+3).
Jewellery
 d - an uncursed ring of fire
 n - a ring of resist corrosion (left hand)
 p - an uncursed ring of protection from cold
 u - an uncursed ring of see invisible
 B - a ring of protection from magic (right hand)
Scrolls
 g - a scroll of fog
 k - 9 scrolls of identify
 l - 4 scrolls of teleportation
 r - 8 scrolls of remove curse
Potions
 c - a potion of cancellation
 i - a potion of agility
 m - 2 potions of might
 q - 2 potions of curing
 s - 4 potions of flight
 t - 4 potions of heal wounds
 w - a potion of haste
 x - a potion of mutation
Books
 h - a book of Cantrips

   Spells                             Type                      Level
   a - Confusing Touch                Hexes                        1
   b - Animate Skeleton               Necromancy                   1
   c - Summon Small Mammal            Summoning                    1
   d - Apportation                    Translocation                1
Comestibles
 f - 12 bread rations
 v - 2 meat rations
 z - 6 royal jellies
 A - 7 chunks of flesh


   Skills:
 + Level 8.8 Fighting
 * Level 12.1 Polearms
 + Level 7.9 Armour
 + Level 8.2 Dodging
   Level 2.0 Shields
 - Level 1.0 Conjurations
   Level 2.0 Ice Magic


You had 6 spell levels left.
You knew the following spells:

 Your Spells              Type           Power        Failure   Level  Hunger
a - Blink                 Tloc           N/A          86%         2    ###....
b - Conjure Flame         Conj/Fire      #.......     95%         3    ####...


Dungeon Overview and Level Annotations

Branches:
Dungeon (11/15)            Temple (0/1) D:6            Lair (0/6) D:11
    Orc (0/2) D:9

Altars:
Ashenzari
Cheibriados
Dithmenos
Fedhas
Gozag
Hepliaklqana
Kikubaaqudgha
Qazlal
Ru
Trog
Xom
Beogh

Shops:
D:4 (   D:5 *(   D:8 (   D:10 [*!=(


Innate Abilities, Weirdness & Mutations

You cannot study or use magical devices.
You cannot study or cast Air magic.
You cannot study or cast Charms magic.
You cannot study or cast Necromancy magic.
You have a pair of small horns on your head.
You are mostly covered in molten scales. (AC +3)
Your flesh is cold resistant. (rC+)
You do not regenerate when monsters are visible.
You are weak. (Str -2)


Message History

Your life force feels restored.
Ru believes you are ready to make a new sacrifice.
You see here a yak corpse.
You butcher the yak corpse.
A - 6 chunks of flesh Do you really want to reject the sacrifices Ru is offering?
Ru will take longer to evaluate your readiness.
Eating one of 6 chunks of flesh.
You eat one of the 6 chunks of flesh.
This raw flesh tastes terrible.
An adder comes into view.
The adder hisses angrily.
The adder bites you.
Found a silver wand.
Damage: -3%(-3hp) hp: 69%(64hp)
You closely miss the adder. The adder misses you.
You slash the adder!
Your weapon exudes an aura of protection.
You kill the adder!
Found 7 gold pieces.
You see here an adder corpse.
You start resting.
You butcher the adder corpse.
A - 7 chunks of flesh (gained 2) Welcome back, Monsterracer the Human Wanderer.
Ru says: Sacrifice that you might gain great power!
Press ? for a list of commands and other information.
HP restored.
k - 9 scrolls of identify (gained 1)
A worker ant zombie comes into view.
Are you sure you want to abandon this character and quit the game? (Confirm with "yes".)

#...P.PP>PP.PP
#P.P.......P.P
#...P...PP.PP.
#P.PPP..P.P..P
##P.P.P..P.P..
#P..PP.P..... P######
#####P....P.PP.. #......
#.......PP.P..P. #......
#.....P@P...P.P. #......
#.....P..P...../##......
#.......$...P.#.........
..........#.#######......
............# ........
.......$..### #.#......
.....Z....# ........
.........# .###.... #....


You could see a worker ant zombie.

Vanquished Creatures
  Harold (D:10)
  2 two-headed ogres
  An unseen horror (D:10)
  An orc knight (D:10)
  An ugly thing (D:11)
  Joseph (D:10)
  2 trolls
  A hornet (D:10)
  A hippogriff (D:11)
  A shadow (D:10)
  A wraith (D:11)
  3 yaks
  A wyvern (D:11)
  4 hogs (D:7)
  3 humans
  A steam dragon (D:10)
  Grum (D:9)
  2 hungry ghosts
  A porcupine (D:11)
  A water moccasin (D:11)
  4 orc warriors
  2 ice beasts
  3 sky beasts
  2 black bears
  A necrophage (D:10)
  5 ogres
  2 wolves (D:9)
  4 centaurs
  2 crocodiles
  14 bullfrogs
  5 scorpions
  7 wights (D:11)
  2 howler monkeys
  3 crimson imps
  2 bullfrog zombies
  2 centaur skeletons
  6 orc priests
  5 hounds
  A jelly (D:10)
  5 bullfrog skeletons
  4 iguanas
  8 worker ants
  14 orc wizards
  2 hound skeletons
  A worker ant zombie (D:9)
  10 gnolls
  A howler monkey zombie (D:11)
  A howler monkey skeleton (D:4)
  15 adders
  3 shadow imps
  An ooze (D:3)
  2 adder zombies
  4 adder skeletons
  2 worms
  A dart slug (D:3)
  4 leopard geckos
  47 orcs
  2 giant cockroaches
  8 goblins
  13 hobgoblins
  21 jackals
  9 kobolds
  A quokka (D:6)
  2 ball pythons
  6 bats
  A frilled lizard (D:3)
  A leopard gecko skeleton (D:5)
  2 quokka skeletons
  A quokka zombie (D:8)
  5 rats
299 creatures vanquished.

Vanquished Creatures (others)
  An orc wizard (D:10)
  A kobold (D:3)
  19 fungi (D:11)
  3 plants (D:11)
24 creatures vanquished.

Grand Total: 323 creatures vanquished

Notes
Turn   | Place    | Note
-------+----------+-------------------------------------------
     0 | D:1      | Monsterracer the Human Wanderer began the quest for the Orb.
     0 | D:1      | Monsterracer set off with: a book of Frost, a scroll of teleportation, a +0 spear, a +0 robe, a bread ration
     0 | D:1      | Reached XP level 1. HP: 15/15 MP: 1/1
   170 | D:1      | Reached XP level 2. HP: 21/21 MP: 2/2
   778 | D:2      | HP: 11/22 [jackal (2)]
   786 | D:2      | HP: 8/22 [jackal (2)]
   982 | D:2      | Found a snail-covered altar of Cheibriados.
   998 | D:2      | Found a faded altar of an unknown god.
  1047 | D:2      | HP: 11/22 [adder (4)]
  1049 | D:2      | Reached XP level 3. HP: 14/27 MP: 3/3
  1053 | D:2      | Became a worshipper of Xom of Chaos
  1282 | D:2      | Found a sacrificial altar of Ru.
  1284 | D:2      | Found an ancient bone altar of Kikubaaqudgha.
  1291 | D:2      | Fell from the grace of Xom
  1291 | D:2      | Became a worshipper of Ru the Awakened
  1498 | D:2      | Reached skill level 3 in Polearms
  1573 | D:2      | XOM: give mutations
  1573 | D:2      | Gained mutation: You are surrounded by a mild repulsion field. (EV +2) [Xom's mischief]
  1573 | D:2      | Lost mutation: You are surrounded by a mild repulsion field. (EV +2) [Xom's mischief]
  1573 | D:2      | Gained mutation: You evolve. [Xom's mischief]
  1573 | D:2      | Gained mutation: You are weak. (Str -2) [Xom's mischief]
  1650 | D:2      | Reached XP level 4. HP: 25/34 MP: 4/4
  1783 | D:2      | XOM: summons 14 hostile demons
  1784 | D:2      | Noticed a chaos spawn
  1784 | D:2      | Noticed a smoke demon
  1786 | D:2      | HP: 17/34 [smoke demon[Xom] (3)]
  1787 | D:2      | HP: 8/34 [ufetubus[Xom] (4)]
  2384 | D:3      | HP: 15/34 [gnoll (3)]
  2398 | D:3      | HP: 13/35 [gnoll/whip (3)]
  2461 | D:3      | HP: 16/35 [jackal (2)]
  2473 | D:3      | Reached XP level 5. HP: 20/41 MP: 5/5
  2696 | D:3      | XOM: 6-stop teleportation journey
  2924 | D:3      | Found a blossoming altar of Fedhas.
  3015 | D:3      | Reached skill level 4 in Polearms
  3091 | D:3      | Reached XP level 6. HP: 43/47 MP: 6/6
  3266 | D:3      | Learned a level 3 spell: Ozocubu's Armour
  3343 | D:3      | XOM: medium Hex miscast
  3379 | D:3      | Gained mutation: You cannot study or use magical devices. [Ru sacrifice]
  3379 | D:3      | Reached * piety under Ru
  3379 | D:3      | Reached ** piety under Ru
  3721 | D:3      | Found a stormy altar of Qazlal.
  3721 | D:3      | Found an opulent altar of Gozag.
  3722 | D:3      | Found a shadowy altar of Dithmenos.
  3796 | D:4      | Gained mutation: You are partially covered in molten scales. (AC +2) [evolution]
  3901 | D:4      | Found Enuase's Antique Weapon Shop.
  4349 | D:4      | Noticed an ice beast
  4374 | D:4      | HP: 19/48 [ice beast (6)]
  4414 | D:4      | XOM: swap monsters
  4448 | D:4      | HP: 24/48 [ice beast (2)]
  4460 | D:4      | HP: 18/48 [ice beast (7)]
  4470 | D:4      | Killed an ice beast
  4470 | D:4      | Reached skill level 5 in Polearms
  4470 | D:4      | Reached XP level 7. HP: 22/54 MP: 7/7
  4569 | D:4      | XOM: medium Tloc miscast
  4735 | D:4      | HP: 26/54 [orc (4)]
  4740 | D:4      | HP: 23/54 [orc wizard/dagger (3)]
  4751 | D:4      | HP: 21/54 [orc wizard/magic dart (3)]
  4938 | D:4      | XOM: mild Fire miscast
  5018 | D:4      | HP: 22/54 [ogre/giant club (17)]
  5021 | D:4      | HP: 3/54 [ogre/giant club (14)]
  5022 | D:4      | Reached skill level 1 in Armour
  5078 | D:4      | XOM: noise
  5436 | D:4      | XOM: give mutations
  5436 | D:4      | Gained mutation: You rapidly evolve. [Xom's mischief]
  5436 | D:4      | Gained mutation: You are surrounded by a mild repulsion field. (EV +2) [Xom's mischief]
  5436 | D:4      | Gained mutation: You are frail. (-10% HP) [Xom's mischief]
  5436 | D:4      | Lost mutation: You are weak. (Str -2) [Xom's mischief]
  5456 | D:4      | XOM: give mutations
  5456 | D:4      | Gained mutation: You are weak. (Str -2) [Xom's mischief]
  5456 | D:4      | Lost mutation: You are frail. (-10% HP) [Xom's mischief]
  5456 | D:4      | Lost mutation: You rapidly evolve. [Xom's mischief]
  5703 | D:4      | XOM: mild Erth miscast
  5775 | D:4      | Gained mutation: You are dopey. (Int -2) [evolution]
  5825 | D:5      | Entered Level 5 of the Dungeon
  5977 | D:4      | XOM: give mutations
  5977 | D:4      | Gained mutation: Scrolls take you a little longer to read. [Xom's mischief]
  5977 | D:4      | Gained mutation: You are very weak. (Str -4) [Xom's mischief]
  6046 | D:4      | Reached skill level 6 in Polearms
  6335 | D:5      | Reached XP level 8. HP: 39/61 MP: 8/8
  6641 | D:5      | XOM: 2-stop teleportation journey
  6713 | D:5      | Gained mutation: You are mostly covered in molten scales. (AC +3) [mutagenic meat]
  6714 | D:5      | Gained mutation: You are frail. (-10% HP) [mutagenic meat]
  6774 | D:5      | Gained mutation: You cannot study or cast Air magic. [Ru sacrifice]
  6774 | D:5      | Gained mutation: You cannot study or cast Necromancy magic. [Ru sacrifice]
  6774 | D:5      | Gained mutation: You cannot study or cast Charms magic. [Ru sacrifice]
  6774 | D:5      | Reached *** piety under Ru
  6937 | D:5      | Reached skill level 5 in Fighting
  7093 | D:5      | Found Fuavosocont's Antique Weapon Shop.
  7129 | D:5      | XOM: potion effect (brilliance)
  7160 | D:5      | HP: 26/55 [orc (4)]
  7170 | D:5      | Lost mutation: You are very weak. (Str -4) [potion of mutation]
  7170 | D:5      | Lost mutation: You are frail. (-10% HP) [potion of mutation]
  7170 | D:5      | Lost mutation: You are dopey. (Int -2) [potion of mutation]
  7170 | D:5      | Lost mutation: Scrolls take you a little longer to read. [potion of mutation]
  7170 | D:5      | Lost mutation: You are surrounded by a mild repulsion field. (EV +2) [potion of mutation]
  7170 | D:5      | Gained mutation: You do not regenerate when monsters are visible. [potion of mutation]
  7170 | D:5      | Lost mutation: You evolve. [potion of mutation]
  7170 | D:5      | Gained mutation: You have a pair of small horns on your head. [potion of mutation]
  7170 | D:5      | Gained mutation: Your flesh is cold resistant. (rC+) [potion of mutation]
  7229 | D:5      | XOM: harmless Air miscast
  7390 | D:5      | Reached skill level 7 in Polearms
  7534 | D:5      | XOM: harmless Erth miscast
  7594 | D:5      | Found Raaluf's Assorted Antiques.
  7706 | D:5      | XOM: harmless Tloc miscast
  7714 | D:5      | Bought a runed halberd for 168 gold pieces
  7915 | D:6      | Found a staircase to the Ecumenical Temple.
  8113 | D:6      | Reached XP level 9. HP: 68/68 MP: 9/9
  8144 | D:6      | XOM: harmless Fire miscast
  8701 | D:5      | Bought a scroll labeled VIVOTUI EZEAW for 24 gold pieces
  8741 | D:7      | Found a shadowy altar of Dithmenos.
  8766 | D:7      | XOM: harmless Erth miscast
  9003 | D:7      | Reached skill level 8 in Polearms
  9584 | D:7      | Reached skill level 5 in Dodging
  9607 | D:7      | Reached skill level 5 in Armour
  9607 | D:7      | Reached XP level 10. HP: 47/77 MP: 10/10
  9630 | D:7      | Reached skill level 9 in Polearms
  9842 | D:7      | XOM: silly message
 10180 | D:8      | XOM: potion effect (invisibility)
 10223 | D:8      | XOM: divination: magic mapping
 10249 | D:8      | XOM: harmless Conj miscast
 10284 | D:8      | Found Edghifudd's Antique Weapon Shoppe.
 10423 | D:8      | XOM: silly message
 10423 | D:8      | Was forgiven by Xom
 10461 | D:8      | Noticed a two-headed ogre
 10469 | D:8      | HP: 32/77 [two-headed ogre/giant club (10)]
 10858 | D:8      | Got a translucent scale mail
 10869 | D:8      | Identified the +2 scale mail of Circular Logic {Dex+3} (You found it on level 8 of the Dungeon)
 10985 | D:8      | Killed a two-headed ogre
 11422 | D:9      | Found a staircase to the Orcish Mines.
 11449 | D:9      | Noticed Grum
 11467 | D:9      | HP: 39/79 [poisoned by Grum]
 11470 | D:9      | Found a shattered altar of Ashenzari.
 11472 | D:9      | HP: 34/79 [poisoned by Grum]
 11478 | D:9      | HP: 32/79 [poisoned by Grum]
 11484 | D:9      | HP: 32/79 [poisoned by Grum]
 11492 | D:9      | HP: 32/79 [poisoned by Grum]
 11763 | D:9      | Found a sacrificial altar of Ru.
 11830 | D:9      | Found a shimmering altar of Xom.
 11831 | D:9      | Found a hazy altar of Hepliaklqana.
 11831 | D:9      | Noticed a Killer Klown
 11832 | D:9      | Noticed a Killer Klown
 11832 | D:9      | Noticed a spectral ugly thing
 11882 | D:9      | Found a bloodstained altar of Trog.
 11993 | D:9      | Reached skill level 10 in Polearms
 12075 | D:9      | Killed Grum
 12076 | D:9      | HP: 39/79 [poisoned by Grum]
 12081 | D:9      | HP: 33/79 [poisoned by Grum]
 12086 | D:9      | HP: 30/79 [poisoned by Grum]
 12091 | D:9      | HP: 27/79 [poisoned by Grum]
 12096 | D:9      | HP: 26/79 [poisoned by Grum]
 12101 | D:9      | HP: 25/79 [poisoned by Grum]
 12109 | D:9      | HP: 25/79 [poisoned by Grum]
 12425 | D:9      | Found a roughly hewn altar of Beogh.
 12789 | D:10     | Entered Level 10 of the Dungeon
 12860 | D:10     | Found Fem Obesch's Assorted Antiques.
 12869 | D:10     | Bought a scroll labeled IMMAURPH TONTEPHI for 27 gold pieces
 12869 | D:10     | Bought a peridot ring for 135 gold pieces
 12869 | D:10     | Bought a scroll labeled LINASAI WUSAOV for 27 gold pieces
 12905 | D:10     | HP: 37/79 [hornet (4)]
 12907 | D:10     | Found Giotwamu's Armour Emporium.
 13460 | D:10     | Killed an unseen horror
 13460 | D:10     | Reached XP level 11. HP: 53/85 MP: 11/11
 13636 | D:10     | Found Bakikeod's Distillery.
 13809 | D:10     | Noticed Joseph
 13840 | D:10     | HP: 38/86 [Joseph/uncursed quarterstaff (11)]
 13841 | D:10     | Killed Joseph
 13853 | D:10     | Noticed an orc knight
 14168 | D:10     | Found Vuuluwkavva's Antique Weapon Shoppe.
 14183 | D:10     | Reached skill level 11 in Polearms
 14246 | D:10     | Noticed Harold
 14282 | D:10     | HP: 27/86 [Harold/bolt of fire (25)]
 14305 | D:10     | HP: 16/86 [Harold/bolt of fire (14)]
 14315 | D:10     | HP: 35/86 [Harold/bolt of fire (5)]
 14323 | D:10     | HP: 28/86 [Harold/bolt of fire (8)]
 14616 | D:10     | Killed Harold
 14876 | D:10     | Learned a level 2 spell: Blink
 14881 | D:10     | Learned a level 3 spell: Conjure Flame
 14974 | D:10     | Noticed an enchanted great sword
 15009 | D:10     | HP: 32/86 [orc knight/enchanted long sword (18)]
 15014 | D:10     | HP: 28/86 [orc knight/enchanted long sword (17)]
 15019 | D:10     | HP: 18/86 [orc knight/enchanted long sword (10)]
 15020 | D:10     | HP: 8/86 [orc knight/enchanted long sword (10)]
 15026 | D:10     | Killed an orc knight
 15401 | D:10     | Found Wutzatoj's Jewellery Boutique.
 15528 | D:10     | Paralysed by a hornet for 3 turns
 16054 | D:11     | Noticed a two-headed ogre
 16077 | D:11     | Killed a two-headed ogre
 16262 | D:11     | Noticed a cyan ugly thing
 16281 | D:11     | Killed a cyan ugly thing
 16411 | D:11     | Reached XP level 12. HP: 64/94 MP: 12/12
 16714 | D:11     | Reached skill level 12 in Polearms
 16879 | D:11     | Found a staircase to the Lair.
 17073 | D:11     | Quit the game

Skill      XL: |  1  2  3  4  5  6  7  8  9 10 11 12 |
---------------+-------------------------------------+-----
Fighting       | 2 3 4 5 6 7 8 |  8.8
Polearms       | 3 4 5 6 7 8 10 11 12 | 12.1
Armour         | 1 3 5 6 7 |  7.9
Dodging        | 3 4 5 6 8 |  8.2
Shields        | |  2.0
Conjurations   | |  1.0
Ice Magic      | |  2.0

Action                   |  1- 3 |  4- 6 |  7- 9 | 10-12 || total
-------------------------+-------+-------+-------+-------++-------
Melee: Spear             |   179 |   396 |   138 |       ||   713
       Halberd           |       |       |   381 |   365 ||   746
       Trident           |       |       |     8 |       ||     8
       Headbutt          |       |       |    24 |    88 ||   112
       Glaive            |       |       |       |   253 ||   253
Throw: Throwing net      |       |       |       |     4 ||     4
Invok: Sacrifice Artific |       |     1 |       |       ||     1
       Sacrifice Arcana  |       |       |     1 |       ||     1
       Reject Sacrifices |       |       |     1 |     1 ||     2
       Draw Out Power    |       |       |       |     2 ||     2
  Use: Scroll            |       |    11 |     9 |     6 ||    26
       Potion            |       |       |     1 |     1 ||     2
 Stab: Sleeping          |     1 |       |       |       ||     1
       Distracted        |       |       |     1 |     2 ||     3
       Invisible         |       |       |       |     8 ||     8
       Held in net/web   |       |       |       |     3 ||     3
  Eat: Chunk             |     2 |     8 |    19 |    24 ||    53
       Fruit             |       |     1 |     2 |     3 ||     6
Armor: Ring mail         |    53 |   126 |   188 |    19 ||   386
       Robe              |     5 |       |       |       ||     5
       Scale mail        |       |       |       |   231 ||   231
       Skin              |       |       |       |     1 ||     1
Dodge: Dodged            |   122 |   154 |   300 |   325 ||   901

Vault maps used:
D:1:      minmay_arrival_jagged
D:2:      chequers_temple_overflow_statue_of_worship, lemuel_doored_altar,
          first_bread, chequers_ecumenical_altar_simple, minmay_misc_feat_plants
D:3:      overflow_temple_1_default, gammafunk_temple_overflow_claw
D:4:      serial_shops, shop_fountains
D:5:      serial_shops, nicolae_shop_behind_doors,
          nicolae_shop_overgrown_old_shop
D:6:      minmay_temple_entry_statues_pillars, corexii_hall_statues_x
D:7:      grunt_livestock, grunt_dithmenos_smoke
D:8:      serial_shops, nicolae_shop_waterfront
D:9:      regret_index_temple_of_mockery, ashenzari_conservatory_becter,
          bloody_trog, minmay_orc_entry_temple_small, nicolae_ru_awakened_eye,
          uniq_grum
D:10:     serial_shops, shop, shop_fountains, shop, shop,
          nicolae_shop_statue_plus, sword_in_stone
D:11:     due_lair_maze_entry_diamond, okawaru_humans
